 Dungeon Crawl Stone Soup version 0.25-a0-280-gfa4545f (webtiles) character file.

Game seed: 1541850067806533069, levelgen mode: deterministic

567 Alex the Cudgeler (level 7, 0/41 HPs)
             Began as a Gargoyle Fighter on Dec 10, 2019.
             Killed by divine providence
             ... invoked by an orc priest
              (10 damage)
             ... on level 5 of the Dungeon.
             The game lasted 00:09:40 (4176 turns).

Alex the Cudgeler (Gargoyle Fighter)                Turns: 4176, Time: 00:09:41

Health: 0/41       AC: 13    Str: 22    XL:     7   Next: 33%
Magic:  7/7        EV:  7    Int:  8    God:
Gold:   332        SH:  9    Dex:  9    Spells: 6/6 levels left

rFire    + . .     SeeInvis .   a - +0 flail
rCold    + . .     Gourm    .   c - +0 shield
rNeg     + + .     Faith    .   b - +0 scale mail
rPois    ∞         Spirit   .   (no helmet)
rElec    +         Reflect  .   o - scarf {rC+ rF+}
rCorr    .         Harm     .   f - +1 pair of gloves
MR       .....                  (no boots)
Stlth    ..........             (no amulet)
HPRegen  0.13/turn              p - ring of positive energy
MPRegen  0.10/turn              (no ring)

@: no status effects
A: negative energy resistance 1, electricity resistance, unbreathing,
petrification resistance, rot immunity, AC +4
a: no special abilities


You were on level 5 of the Dungeon.
You were not hungry.

You visited 1 branch of the dungeon, and saw 5 of its levels.

You collected 332 gold pieces.

Inventory:

Hand Weapons
 a - a +0 flail (weapon)
Armour
 b - a +0 scale mail (worn)
 c - a +0 shield (worn)
 f - a +1 pair of gloves (worn)
 o - a scarf of resistance (worn)
Jewellery
 k - an uncursed amulet of regeneration {unknown}
 p - a ring of positive energy (left hand)
 u - an uncursed ring of fire {unknown}
Scrolls
 g - 4 scrolls of identify {unknown}
 h - a scroll of teleportation {unknown}
 n - 2 scrolls of remove curse
 w - a scroll of enchant armour {unknown}
Potions
 d - a potion of might
 e - 2 potions of flight {unknown}
 i - 2 potions of lignification {unknown}
 j - 2 potions of degeneration {unknown}
 l - a potion of cancellation {unknown}
 m - a potion of agility {unknown}
 q - a potion of curing {unknown}
 r - 3 potions of resistance {unknown}
 v - a potion of mutation {unknown}
Comestibles
 s - 4 rations


   Skills:
 - Level 3.2 Fighting
 + Level 7.9 Maces & Flails
 - Level 3.2 Armour
 - Level 3.2 Shields


You had 6 spell levels left.
You didn't know any spells.
Your spell library was empty.

Dungeon Overview and Level Annotations

Branches:
Dungeon (5/15)             Temple (0/1) D:5

Altars:
Hepliaklqana
Ru
Trog
Xom


Innate Abilities, Weirdness & Mutations

You are resistant to torment.
Your stone body is resilient. (AC +4)
You are immune to poison.
You resist negative energy. (rN+)
You are resistant to electric shocks. (rElec)
You can survive without breathing.
You are immune to petrification.
You are immune to rotting.


Message History

You bump into the rock wall.
You feel less confused.
An orc priest comes into view. It is wielding a +0 whip.
You block the orc wizard's attack.
The orc priest shouts!
You hit the orc.
The orc is lightly wounded.
You hear a howl!
You hear a shout!
An ice beast comes into view.
The orc wizard mumbles some strange words.
The orc wizard flickers and vanishes!
Deactivating autopickup; reactivate with Ctrl-A.
A howler monkey comes into view.
The orc hits you but does no damage.
You barely miss the orc.
The orc is lightly wounded.
Something hits you but does no damage.
The orc priest invokes the aid of Beogh against you.
Beogh smites you!
You die...

.... >.h# # .o.# .#
#.o .. # .o###.#
####.#######...%..
...........o{.# #
####.#.###@..#.##.#
#.###........# #
#..##...##.#.#
#.##.##.#......
#......###.#.###
####..## ##....
#.#.###.#.###
#.##.#......#
#.###.#.....#


You could see a howler monkey, 2 orc priests and 2 orcs.

Vanquished Creatures
  Sigmund (D:4)
  An ogre (D:3)
  A howler monkey (D:2)
  An orc priest (D:4)
  A worker ant (D:5)
  3 gnolls (D:3)
  10 adders
  A shadow imp (D:5)
  2 adder skeletons (D:4)
  3 worms
  A dart slug (D:1)
  A leopard gecko (D:2)
  4 orcs
  2 giant cockroaches
  14 goblins
  13 hobgoblins
  2 jackals (D:2)
  8 kobolds
  A quokka (D:2)
  2 ball pythons (D:1)
  3 bats
  3 frilled lizards (D:1)
  13 rats
91 creatures vanquished.

Notes
Turn   | Place    | Note
-------+----------+-------------------------------------------
     0 | D:1      | Alex the Gargoyle Fighter began the quest for the Orb.
     0 | D:1      | Reached XP level 1. HP: 14/14 MP: 1/1
   168 | D:1      | Reached XP level 2. HP: 19/19 MP: 2/2
   474 | D:1      | Reached skill level 3 in Maces & Flails
  1036 | D:2      | Reached XP level 3. HP: 23/23 MP: 3/3
  1206 | D:2      | Reached skill level 4 in Maces & Flails
  1206 | D:2      | Reached XP level 4. HP: 15/28 MP: 4/4
  1515 | D:2      | Found a sacrificial altar of Ru.
  1660 | D:2      | Reached skill level 5 in Maces & Flails
  1661 | D:2      | Reached XP level 5. HP: 30/32 MP: 5/5
  2938 | D:3      | Reached skill level 6 in Maces & Flails
  2953 | D:3      | Found a bloodstained altar of Trog.
  3026 | D:3      | Reached XP level 6. HP: 35/37 MP: 6/6
  3225 | D:3      | Found a shimmering altar of Xom.
  3226 | D:3      | Found a hazy altar of Hepliaklqana.
  3227 | D:3      | Noticed a spectral ugly thing
  3595 | D:4      | Noticed Sigmund
  3621 | D:4      | Killed Sigmund
  3621 | D:4      | Reached skill level 7 in Maces & Flails
  3621 | D:4      | Reached XP level 7. HP: 24/41 MP: 7/7
  4118 | D:5      | Entered Level 5 of the Dungeon
  4171 | D:5      | Found a staircase to the Ecumenical Temple.
  4176 | D:5      | Killed from afar by an orc priest

Levels and vault maps discovered:
D:1:      matt_arrival_grand_opening, layout_loops_ring, minmay_crystal_water
D:2:      cheibrodos_greedy_goblins, layout_loops_corners,
          nicolae_ru_the_path_less_chosen
D:3:      layout_rooms, regret_index_temple_of_mockery, old_standard_altar
D:4:      layout_rooms, corexii_checkpoint_a, bh_chokoban, uniq_sigmund
D:5:      layout_loops_cross, minmay_temple_entry_drinking_statues,
          first_ration, elyvilon_altar_3, uniq_edmund, uniq_crazy_yiuf_cottage,
          uniq_prince_ribbit1

Skill      XL: |  1  2  3  4  5  6 |
---------------+-------------------+-----
Maces & Flails | 3 4 5 6 7 |  7.9
Fighting       | |  3.2
Armour         | |  3.2
Shields        | |  3.2

Action                   |  1- 3 |  4- 6 |  7- 9 || total
-------------------------+-------+-------+-------++-------
Melee: Flail             |   108 |   290 |    52 ||   450
  Use: Scroll            |       |     4 |       ||     4
  Eat: Chunk             |     1 |     5 |     2 ||     8
       Ration            |       |     1 |       ||     1
Armor: Scale mail        |    51 |   151 |    23 ||   225
Dodge: Dodged            |    26 |    79 |     9 ||   114
Block: Shield            |    55 |   148 |    25 ||   228

Table legend:
 A = Non-vault XP
 B = Vault XP
 C = Vault XP percentage of total XP
 D = Non-vault monster count
 E = Vault monster count
 F = Vault count percentage of total count
                 A         B        C        D         E       F
            +---------+---------+-------+---------+---------+-------
      Total |     553 |     257 |  31.7 |      77 |      14 |  15.4
            +---------+---------+-------+---------+---------+-------
        D:1 |      25 |       0 |   0.0 |      17 |       0 |   0.0
        D:2 |     159 |      26 |  14.1 |      26 |      13 |  33.3
        D:3 |     266 |       0 |   0.0 |      26 |       0 |   0.0
        D:4 |      60 |     231 |  79.4 |       6 |       1 |  14.3
        D:5 |      43 |       0 |   0.0 |       2 |       0 |   0.0
            +---------+---------+-------+---------+---------+-------
